 Dungeon Crawl Stone Soup version 0.22-a0-354-g30dfbe6 (webtiles) character file.

3352 Amnesiac the Reanimator (level 9, -12/55 (56) HPs)
             Began as a Deep Elf Necromancer on Apr 16, 2018.
             Was a Believer of Sif Muna.
             Mangled by a two-headed ogre
             ... wielding a +0 giant club
              (27 damage)
             ... on level 9 of the Dungeon.
             The game lasted 00:16:35 (9400 turns).

Amnesiac the Reanimator (Deep Elf Necromancer)      Turns: 9400, Time: 00:16:36

HP:   -12/55 (56)   AC:  9    Str:  5    XL:     9   Next: 72%
MP:   4/24          EV: 16    Int: 24    God:    Sif Muna [**....]
Gold: 423           SH:  0    Dex: 15    Spells: 6/26 levels left

rFire    + . .     SeeInvis .   a - +5 dagger "Ynolepp" {protect, rF+}
rCold    . . .     Gourm    .   (no shield)
rNeg     . . .     Faith    .   v - +0 robe
rPois    +         Spirit   .   q - +0 helmet
rElec    .         Reflect  .   (no cloak)
rCorr    .         Harm     .   i - +0 pair of gloves
MR       .....                  z - +1 pair of boots
Stlth    ++........             (no amulet)
HPRegen  1.18/turn              x - ring of poison resistance
MPRegen  0.19/turn              h - +3 ring of protection

@: regenerating
A: no striking features
a: Divine Energy, Renounce Religion


You were on level 9 of the Dungeon.
You worshipped Sif Muna.
Sif Muna was pleased with you.
You were not hungry.

You visited 2 branches of the dungeon, and saw 10 of its levels.
You also visited: Sewer.

You collected 423 gold pieces.

Inventory:

Hand Weapons
 a - the +5 dagger "Ynolepp" (weapon) {protect, rF+}
   (You found it on level 4 of the Dungeon)

   It protects the one who uses it against injury (+AC on strike).
   It protects you from fire.
Armour
 i - a +0 pair of gloves (worn)
 q - a +0 helmet (worn)
 v - a +0 robe (worn)
 z - a +1 pair of boots (worn)
Jewellery
 h - a +3 ring of protection (right hand)
 x - a ring of poison resistance (left hand)
Wands
 k - a wand of random effects (7)
 t - a wand of digging (7)
 w - a wand of iceblast (2)
Scrolls
 b - a scroll of blinking {!r, unknown}
 d - a scroll of remove curse {!r}
 e - 3 scrolls of magic mapping {!r}
 f - 2 scrolls of amnesia {!r}
 s - a scroll of immolation {!r}
 y - a scroll of holy word {!r, unknown}
 A - a scroll of enchant weapon {!r, unknown}
 B - 2 scrolls of fear {!r}
 C - a scroll of identify {!r}
Potions
 g - 4 potions of curing {!q}
 j - a potion of brilliance {!q}
 l - 3 potions of might {!q}
 m - 3 potions of heal wounds {!q}
 n - 3 potions of flight {!q}
 o - 2 potions of lignification {!q}
 p - 3 potions of resistance {!q}
 u - a potion of haste {!q}
Comestibles
 c - 23 rations


   Skills:
 - Level 6.6 Fighting
 - Level 6.6 Dodging
 - Level 2.4 Stealth
 + Level 9.3 Spellcasting
 - Level 10.0 Necromancy


You had 6 spell levels left.
You knew the following spells:

 Your Spells              Type           Power        Failure   Level  Hunger
a - Pain                  Necr           ####         1%          1    None
b - Animate Dead          Necr           N/A          1%          4    ##.....
d - Vampiric Draining     Necr           ######....   1%          3    None
e - Mephitic Cloud        Conj/Pois/Air  ##......     17%         3    None
r - Regeneration          Chrm/Necr      #####.....   1%          3    None
s - Conjure Flame         Conj/Fire      ##......     17%         3    None
v - Blink                 Tloc           N/A          9%          2    None
z - Confusing Touch       Hex            ##....       5%          1    None


Dungeon Overview and Level Annotations

Branches:
Dungeon (9/15)             Temple (1/1) D:6
   Lair: D:8-11         Orc: D:9-12

Altars:
Ashenzari
Cheibriados
Dithmenos
Elyvilon
Fedhas
Gozag
Hepliaklqana
Kikubaaqudgha
Makhleb
Nemelex Xobeh
Okawaru
Qazlal
Ru
Sif Muna
Uskayaw
Vehumet
Wu Jian
Xom
Yredelemnul
Zin
The Shining One


Message History

The jelly is severely wounded.
The jelly hits you but does no damage.
You puncture the jelly!
You kill the jelly!
Sif Muna accepts your kill.
A two-headed ogre comes into view. It is wielding two giant clubs.
The two-headed ogre shouts in stereo!
A two-headed ogre is nearby!
Casting: Vampiric Draining (safe; 1% risk of failure)
Confirm with . or Enter, or press ? or * to list all spells.
Your skin crawls.
You eat one of the 24 rations.
That ration really hit the spot!
Casting: Regeneration (safe; 1% risk of failure)
Confirm with . or Enter, or press ? or * to list all spells.
Aiming: Pain (safe; 1% risk of failure)
Press: ? - help, Shift-Dir - straight line, f - two-headed ogre
Aim: a two-headed ogre, wielding two giant clubs (chance to defeat MR: 71%)
The two-headed ogre writhes in agony!
Unknown command.
Casting: Pain (safe; 1% risk of failure)
Confirm with . or Enter, or press ? or * to list all spells.
Aiming: Pain (safe; 1% risk of failure)
Press: ? - help, Shift-Dir - straight line, f/p - two-headed ogre
Aim: a two-headed ogre, wielding two giant clubs (lightly wounded, chance to defeat MR: 71%)
The two-headed ogre writhes in agony!
Unknown command.
Casting: Pain (safe; 1% risk of failure)
Confirm with . or Enter, or press ? or * to list all spells.
Aiming: Pain (safe; 1% risk of failure)
Press: ? - help, Shift-Dir - straight line, f/p - two-headed ogre
Aim: a two-headed ogre, wielding two giant clubs (moderately wounded, chance to defeat MR: 71%)
The two-headed ogre writhes in agony!
Unknown command.
Casting: Pain (safe; 1% risk of failure)
Confirm with . or Enter, or press ? or * to list all spells.
Aiming: Vampiric Draining (safe; 1% risk of failure)
Press: ? - help, Shift-Dir - straight line, f/p - two-headed ogre
Aim: a two-headed ogre, wielding two giant clubs (moderately wounded)
The two-headed ogre is heavily wounded.
You feel life coursing into your body.
The two-headed ogre hits you with a giant club.
The two-headed ogre barely misses you.
Unknown command.
Casting: Vampiric Draining (safe; 1% risk of failure)
Confirm with . or Enter, or press ? or * to list all spells.
Aiming: Vampiric Draining (safe; 1% risk of failure)
Press: ? - help, Shift-Dir - straight line, f/p - two-headed ogre
Aim: a two-headed ogre, wielding two giant clubs (heavily wounded)
The two-headed ogre is severely wounded.
You feel life coursing into your body.
The two-headed ogre hits you with a giant club!!
* * * LOW HITPOINT WARNING * * *
The two-headed ogre hits you with a giant club!
* * * LOW HITPOINT WARNING * * *
Unknown command.
Casting: Vampiric Draining (safe; 1% risk of failure)
Confirm with . or Enter, or press ? or * to list all spells.
Aiming: Vampiric Draining (safe; 1% risk of failure)
Press: ? - help, Shift-Dir - straight line, f/p - two-headed ogre
Aim: a two-headed ogre, wielding two giant clubs (severely wounded)
The two-headed ogre is almost dead.
You feel life coursing into your body.
The two-headed ogre hits you with a giant club!!
You die...

.. .........
..> #........
.... #........
....###........
...............
...............
........O......
#@.......
#<.......
#..####.. #..#
#..# #..# #..#
.... ....


You could see a two-headed ogre.

Vanquished Creatures
  Menkaure (D:5)
  The ghost of Galewind the Cutter, an amateur DEFi (D:4)
  A water moccasin (D:7)
  3 ice beasts
  A sky beast (D:6)
  A hornet zombie (D:6)
  A black bear (D:7)
  An orc warrior (D:8)
  A necrophage (D:8)
  5 ogres
  A centaur (D:7)
  A big kobold (Sewer)
  2 bullfrogs
  Blork the orc (D:5)
  A wyvern skeleton (D:8)
  3 scorpions
  2 howler monkeys
  2 centaur zombies
  A crimson imp (D:6)
  A bullfrog zombie (D:7)
  5 jellies
  2 quasits
  3 hounds
  3 bullfrog skeletons
  A gnoll shaman (D:7)
  Jessica (D:2)
  5 orc wizards
  Natasha (thrice) (D:3)
  2 worker ants
  A killer bee zombie (D:8)
  A hound skeleton (D:7)
  Robin (D:2)
  8 gnolls
  6 river rats
  9 adders
  6 oozes
  An adder zombie (D:7)
  2 adder skeletons (D:4)
  4 worms
  3 dart slugs
  3 leopard geckos
  14 orcs
  6 giant cockroaches
  2 gnoll zombies (D:6)
  23 goblins
  13 hobgoblins
  13 jackals
  8 kobolds
  3 quokkas
  A ball python (D:1)
  5 bats
  9 frilled lizards
  A giant cockroach zombie (D:5)
  A quokka skeleton (D:4)
  2 quokka zombies
  15 rats
217 creatures vanquished.

Notes
Turn   | Place    | Note
-------+----------+-------------------------------------------
     0 | D:1      | Amnesiac the Deep Elf Necromancer began the quest for the Orb.
     0 | D:1      | Reached XP level 1. HP: 10/10 MP: 6/6
   300 | D:1      | Reached skill level 5 in Necromancy
   300 | D:1      | Reached XP level 2. HP: 13/16 MP: 6/8
   332 | D:1      | Reached skill level 1 in Fighting
  1196 | D:1      | Reached XP level 3. HP: 16/20 MP: 6/10
  1201 | D:1      | Learned a level 3 spell: Vampiric Draining
  1205 | D:1      | Learned a level 3 spell: Regeneration
  1279 | D:2      | Noticed Jessica
  1371 | D:2      | Killed Jessica
  1582 | D:2      | Reached XP level 4. HP: 24/26 MP: 9/12
  1592 | D:2      | Learned a level 4 spell: Animate Dead
  1695 | D:2      | Noticed Robin
  1720 | D:2      | Killed Robin
  1925 | D:2      | Reached skill level 5 in Spellcasting
  1933 | D:2      | Noticed an ice beast
  1998 | D:2      | Killed an ice beast
  1998 | D:2      | Reached XP level 5. HP: 19/32 MP: 1/14
  2389 | D:3      | Reached XP level 6. HP: 29/37 MP: 6/15
  2634 | D:3      | Found a glowing drain.
  2691 | Sewer    | Entered a sewer
  2794 | Sewer    | Found a white marble altar of Elyvilon.
  3221 | D:3      | Found a faded altar of an unknown god.
  3485 | D:3      | Noticed Natasha
  3491 | D:3      | Killed Natasha
  3491 | D:3      | Reached skill level 6 in Necromancy
  3496 | D:3      | Noticed Natasha
  3500 | D:3      | Killed Natasha
  3792 | D:3      | Noticed Natasha
  3799 | D:3      | Killed Natasha
  3799 | D:3      | Reached XP level 7. HP: 32/43 MP: 4/16
  3894 | D:4      | Noticed Galewind's ghost (amateur DEFi)
  4677 | D:4      | Got an iridescent dagger
  4678 | D:4      | Identified the +5 dagger "Ynolepp" {protect, rF+} (You found it on level 4 of the Dungeon)
  4702 | D:4      | Reached skill level 5 in Fighting
  4702 | D:4      | Reached skill level 5 in Dodging
  5113 | D:4      | Killed Galewind's ghost
  5113 | D:4      | Reached skill level 7 in Necromancy
  5113 | D:4      | Reached XP level 8. HP: 50/50 MP: 17/17
  5248 | D:5      | Entered Level 5 of the Dungeon
  5313 | D:5      | Learned a level 2 spell: Blink
  5317 | D:5      | Learned a level 3 spell: Conjure Flame
  5448 | D:5      | Noticed Menkaure
  5717 | D:5      | Noticed Blork the orc
  5726 | D:5      | Killed Blork the orc
  5833 | D:5      | Killed Menkaure
  6051 | D:6      | Found an ornate altar of the Wu Jian Council.
  6136 | D:6      | Found a shattered altar of Ashenzari.
  6136 | D:6      | Found an iron altar of Okawaru.
  6136 | D:6      | Found a snail-covered altar of Cheibriados.
  6147 | D:6      | Found a staircase to the Ecumenical Temple.
  6166 | Temple   | Entered the Ecumenical Temple
  6335 | Temple   | Became a worshipper of Sif Muna the Loreminder
  6421 | D:6      | Found a basalt altar of Yredelemnul.
  6478 | D:6      | Reached skill level 8 in Necromancy
  6585 | D:6      | Reached XP level 9. HP: 49/56 MP: 14/20
  6868 | D:6      | Learned a level 3 spell: Mephitic Cloud
  7291 | D:7      | Reached * piety under Sif Muna
  7811 | D:7      | Reached skill level 9 in Necromancy
  8860 | D:8      | Learned a level 1 spell: Confusing Touch
  9344 | D:9      | Reached ** piety under Sif Muna
  9346 | D:9      | Noticed a gargoyle
  9353 | D:8      | Reached skill level 10 in Necromancy
  9392 | D:9      | Noticed a two-headed ogre
  9400 | D:9      | Mangled by a two-headed ogre

Vault maps used:
D:1:      elethiomel_arrival_infinity_welcomes_careful_drivers
D:2:      minmay_wonky_spiral, uniq_robin, uniq_jessica
D:3:      lightli_sewer_entry_pipes, chequers_ecumenical_altar_island,
          uniq_natasha
D:4:      first_ration
D:5:      minmay_ogre_servants, uniq_blork_the_orc, uniq_menkaure
D:6:      nicolae_overflow_quartered_altars, lemuel_zombie_altar_yredelemnul,
          minmay_temple_entry_trees
D:8:      hangedman_decor_peaks_small, hangedman_little_slice_of_home
D:9:      trog_ov_bears_minmay, uniq_prince_ribbit1
Temple:   regret_index_temple_sphere_string
Sewer:    sewer_kobolds

Skill      XL: |  1  2  3  4  5  6  7  8  9 |
---------------+----------------------------+-----
Necromancy     | 5 6 7 8 10 | 10.0
Fighting       | 1 2 3 4 5 6 |  6.6
Spellcasting   | 4 5 6 9 |  9.3
Dodging        | 3 4 5 6 |  6.6
Stealth        | |  2.4

Action                   |  1- 3 |  4- 6 |  7- 9 || total
-------------------------+-------+-------+-------++-------
Melee: Unarmed           |     2 |     1 |     2 ||     5
       Dagger            |       |       |   399 ||   399
 Fire: Hunting sling     |       |       |    33 ||    33
 Cast: Pain              |    62 |   162 |    99 ||   323
       Vampiric Draining |     1 |    11 |    49 ||    61
       Regeneration      |     1 |     1 |     5 ||     7
       Conjure Flame     |       |       |     6 ||     6
       Confusing Touch   |       |       |     1 ||     1
Evoke: Wand              |       |       |     4 ||     4
  Use: Scroll            |       |       |    11 ||    11
       Potion            |       |       |     1 ||     1
 Stab: Sleeping          |       |       |     5 ||     5
       Confused          |       |       |     1 ||     1
  Eat: Chunk             |     2 |     7 |    18 ||    27
       Ration            |       |       |     1 ||     1
Armor: Robe              |     2 |     4 |   263 ||   269
Dodge: Dodged            |    10 |    44 |   529 ||   583

Table legend:
 A = Spawn XP
 B = Non-spawn XP
 C = Spawn XP percentage of total XP
 D = Spawn monster count
 E = Non-spawn monster count
 F = Spawn count percentage of total count
 G = Total turns spent on level
                    A         B        C        D         E        F      G
               +---------+---------+-------+---------+---------+-------+---------
         Total |       0 |    4789 |   0.0 |       0 |     217 |   0.0 |  9400
               +---------+---------+-------+---------+---------+-------+---------
           D:1 |       0 |      41 |   0.0 |       0 |      23 |   0.0 |  1313
           D:2 |       0 |     305 |   0.0 |       0 |      40 |   0.0 |  1388
           D:3 |       0 |     379 |   0.0 |       0 |      34 |   0.0 |  1821
           D:4 |       0 |     666 |   0.0 |       0 |      19 |   0.0 |   744
           D:5 |       0 |     873 |   0.0 |       0 |      25 |   0.0 |   636
           D:6 |       0 |     743 |   0.0 |       0 |      15 |   0.0 |  1048
           D:7 |       0 |     907 |   0.0 |       0 |      27 |   0.0 |  1048
           D:8 |       0 |     619 |   0.0 |       0 |      16 |   0.0 |  1012
           D:9 |       0 |     124 |   0.0 |       0 |       6 |   0.0 |    55
         Sewer |       0 |     132 |   0.0 |       0 |      12 |   0.0 |   147
               +---------+---------+-------+---------+---------+-------+---------
